 Dungeon Crawl Stone Soup version 0.27-a0-333-gfa571bf19a (webtiles) character file.

Game seed: 9753319096643365844

8159 jestyr24 the Thaumaturge (level 11, 0/54 HPs)
             Began as a Deep Elf Conjurer on Feb 9, 2021.
             Was a Priest of Vehumet.
             Slain by a cane toad (15 damage)
             ... on level 1 of the Lair of Beasts on Feb 12, 2021.
             The game lasted 01:23:39 (12577 turns).

jestyr24 the Thaumaturge (Deep Elf Conjurer)       Turns: 12577, Time: 01:23:40

Health: 0/54       AC:  8    Str:  4    XL:     11   Next: 6%
Magic:  19/48      EV: 14    Int: 27    God:    Vehumet [***...]
Gold:   646        SH: 10    Dex: 13    Spells: 22/36 levels left

rFire    . . .     SeeInvis .   C - +0 dagger (protect)
rCold    . . .     Faith    .   g - +0 buckler
rNeg     . . .     Spirit   .   b - +0 steam dragon scales
rPois    .         Reflect  +   E - +2 hat
rElec    .         Harm     .   (no cloak)
rCorr    .         Rampage  .   v - +0 pair of gloves
Will     +....                  (no boots)
Stlth    +++.......             F - amulet of reflection
HPRegen  0.18/turn              h - ring of magical power
MPRegen  0.31/turn              u - ring of magical power

@: no status effects
A: no striking features
a: Renounce Religion


You were on level 1 of the Lair of Beasts.
You worshipped Vehumet.
Vehumet was most pleased with you.
You visited 3 branches of the dungeon, and saw 14 of its levels.

You collected 646 gold pieces.

Inventory:

Hand Weapons
 k - a +3 short sword
 m - a +4 mace
 q - a +1 dagger of venom
 C - a +0 dagger of protection (weapon)
Missiles
 f - 45 poisoned darts
Armour
 b - +0 steam dragon scales (worn)
 g - a +0 buckler (worn)
 v - a +0 pair of gloves (worn)
 E - a +2 hat (worn)
 H - the +1 leather armour "Wudaffet" {rN++}
   (You found it on level 9 of the Dungeon)

   It greatly protects you from negative energy.
Jewellery
 h - a ring of magical power (left hand)
 u - a ring of magical power (right hand)
 F - an amulet of reflection (around neck)
 I - an amulet of magic regeneration {unknown}
 M - an amulet of guardian spirit {unknown}
Wands
 l - a wand of mindburst (20)
 t - a wand of charming (13)
 w - a wand of polymorph (6)
 x - a wand of digging (4)
Scrolls
 d - 4 scrolls of amnesia
 e - 5 scrolls of removedness
 i - 14 scrolls of identify
 s - 5 scrolls of teleportation
 y - 2 scrolls of magic mapping
 z - a scroll of immolation {unknown}
 B - a scroll of enchant weapon {unknown}
 D - a scroll of fog {unknown}
 J - a scroll of holy word {unknown}
 K - a scroll of brand weapon {unknown}
 L - a scroll of vulnerability {unknown}
 N - a scroll of fear
Potions
 a - a potion of curing
 c - 2 potions of haste
 n - a potion of brilliance {unknown}
 o - a potion of mutation {unknown}
 p - a potion of resistance
 r - a potion of heal wounds
 A - 2 potions of flight
 G - a potion of cancellation {unknown}


   Skills:
 - Level 0.1 Fighting
 - Level 0.3 Short Blades
 - Level 4.1 Dodging
 - Level 6.7 Stealth
 - Level 4.0 Shields
 + Level 13.4 Spellcasting
 + Level 11.2 Conjurations
 * Level 7.0 Necromancy


You had 22 spell levels left.
You knew the following spells:

 Your Spells              Type           Power        Failure   Level
a - Magic Dart            Conj           100%         1%          1
b - Searing Ray           Conj           100%         1%          2
c - Dazzling Flash        Conj/Hex       96%          1%          3
d - Fulminant Prism       Conj/Hex       24%          1%          4
e - Animate Dead          Necr           27%          1%          4

Your spell library contained the following spells:

 Spells                   Type           Power        Failure   Level
 Conjure Flame            Conj/Fire      48%          1%          3
 Animate Skeleton         Necr           100%         1%          1
 Pain                     Necr           100%         1%          1
 Vampiric Draining        Necr           27%          1%          3
 Iskenderun's Mystic Bla  Conj/Tloc      48%          1%          4
 Corona                   Hex            20%          3%          1
 Ensorcelled Hibernation  Hex/Ice        36%          4%          2
 Agony                    Necr           54%          4%          5
 Confusing Touch          Hex            18%          9%          3
 Tukima's Dance           Hex            18%          9%          3


Dungeon Overview and Level Annotations

Branches:
Dungeon (12/15)            Temple (1/1) D:4            Lair (1/6) D:10
    Orc (0/2) D:10

Altars:
Ashenzari
Cheibriados
Fedhas
Hepliaklqana
Makhleb
Okawaru
Qazlal
Trog
Vehumet
The Shining One

Shops:
D:10 [


Message History

The searing ray hits the yak!
You kill the yak!
Vehumet accepts your kill.
You feel your power returning. (Press . to maintain the ray.)
You block the yak's attack. The cane toad completely misses you.
The yak gores your fulminant prism.
Your fulminant prism crackles loudly.
The searing ray hits the yak.
You kill the yak!
Vehumet accepts your kill.
You feel your power returning.
The searing ray hits the cane toad!
The cane toad is moderately wounded.
The yak is no longer blind.
The yak bellows!
The cane toad is no longer blind.
A yak comes into view.
The cane toad stings you! The yak gores your fulminant prism.
Your fulminant prism explodes!
The blast of energy engulfs the cane toad!
The cane toad is severely wounded.
The blast of energy engulfs the yak!
You kill the yak!
Vehumet accepts your kill.
You feel your power returning.
The blast of energy engulfs the yak!
The yak is moderately wounded.
The blast of energy engulfs the yak!
The yak is lightly wounded.
Your Necromancy skill increases to level 7!
Casting: Searing Ray (safe; 1% risk of failure)
Confirm with . or Enter, or press ? or * to list all spells.
You call on the dead to rise...
The dead are walking!
The cane toad stings you!
* * * LOW HITPOINT WARNING * * *
You are lethally poisoned!
The cane toad poisons you!
* * * LOW HITPOINT WARNING * * *
You feel sick. The cane toad stings your yak zombie.
You block the cane toad's attack. The cane toad stings your yak zombie!
You feel better. The cane toad misses you. The cane toad stings you!
You die...

...P ...#..
.... ...#
...## #...
##.# #@F#
.# ##Z# .#
#F# .### .
##.##...#..
YYY.#...
#YY.F.
#...#
##.<.#
#....#


You could see 4 yaks, 2 cane toads and a friendly yak zombie.

Vanquished Creatures
  Erica (D:10)
  An unseen horror (D:10)
  An orange crystal statue (D:10)
  Pikel (D:5)
  A cyclops (D:11)
  Joseph (D:8)
  A shadow (D:11)
  4 yaks (Lair:1)
  A steam dragon (D:11)
  A basilisk (D:10)
  4 wargs (D:10)
  A water moccasin (D:10)
  Edmund (D:6)
  3 orc warriors
  3 ice beasts
  2 black bears
  3 necrophages
  An eye of draining (D:7)
  2 centaurs
  An ogre (D:10)
  A lemure (D:5)
  A phantom (D:8)
  Blork the orc (D:5)
  5 bullfrogs
  2 water moccasin zombies (D:10)
  2 wyvern skeletons
  4 scorpions
  4 wights (D:10)
  A howler monkey (D:9)
  2 centaur zombies
  3 hounds
  A quasit (D:9)
  A bullfrog zombie (D:10)
  3 orc priests
  3 centaur skeletons
  5 jellies
  5 iguanas
  8 orc wizards
  5 worker ants
  A hound skeleton (D:8)
  3 gnolls (D:6)
  10 adders
  2 shadow imps
  A white imp (D:5)
  An ooze (D:1)
  4 ufetubi
  An adder skeleton (D:7)
  2 worms (D:2)
  4 dart slugs
  2 leopard geckos
  24 orcs
  3 bats (D:1)
  5 giant cockroaches
  8 goblins
  12 hobgoblins
  9 jackals
  4 kobolds
  3 quokkas
  A ball python (D:1)
  4 frilled lizards
  2 jackal skeletons (D:5)
  A leopard gecko zombie (D:6)
  A quokka zombie (D:9)
  7 rats
206 creatures vanquished.

Vanquished Creatures (others)
  28 fulminant prisms
  11 fungi
  21 plants (D:10)
60 creatures vanquished.

Grand Total: 266 creatures vanquished

Notes
Turn   | Place    | Note
-------+----------+-------------------------------------------
     0 | D:1      | jestyr24 the Deep Elf Conjurer began the quest for the Orb.
     0 | D:1      | Reached XP level 1. HP: 10/10 MP: 6/6
   211 | D:1      | Reached XP level 2. HP: 4/15 MP: 0/8
   720 | D:1      | Learned a level 2 spell: Searing Ray
  1103 | D:1      | Reached skill level 5 in Conjurations
  1197 | D:1      | Reached XP level 3. HP: 19/19 MP: 6/9
  1742 | D:2      | Reached skill level 4 in Spellcasting
  1848 | D:2      | Reached skill level 1 in Shields
  1967 | D:2      | Reached XP level 4. HP: 24/24 MP: 8/12
  2738 | D:3      | Found a burning altar of Makhleb.
  3205 | D:3      | Found a snail-covered altar of Cheibriados.
  3723 | D:4      | Reached XP level 5. HP: 21/28 MP: 9/13
  4150 | D:4      | Found a staircase to the Ecumenical Temple.
  4156 | Temple   | Entered the Ecumenical Temple
  4165 | Temple   | Became a worshipper of Vehumet
  4250 | D:4      | Reached XP level 6. HP: 27/32 MP: 5/15
  4896 | D:5      | Entered Level 5 of the Dungeon
  5195 | D:5      | Found a stormy altar of Qazlal.
  5248 | D:5      | Reached skill level 5 in Spellcasting
  5438 | D:5      | Noticed Pikel
  5446 | D:5      | Killed Pikel
  5447 | D:5      | Reached skill level 5 in Stealth
  5447 | D:5      | Reached skill level 6 in Spellcasting
  5447 | D:5      | Reached XP level 7. HP: 28/36 MP: 18/18
  5856 | D:5      | Noticed Blork the orc
  5863 | D:5      | Killed Blork the orc
  7011 | D:6      | Noticed Edmund
  7030 | D:6      | Killed Edmund
  7031 | D:6      | Reached XP level 8. HP: 28/41 MP: 19/19
  7250 | D:6      | Learned a level 3 spell: Dazzling Flash
  7255 | D:6      | Learned a level 4 spell: Fulminant Prism
  7264 | D:6      | Found an iron altar of Okawaru.
  7539 | D:7      | Reached * piety under Vehumet
  7539 | D:7      | Offered knowledge of Freeze by Vehumet.
  7580 | D:7      | Reached skill level 7 in Spellcasting
  7958 | D:7      | Learned a level 4 spell: Animate Dead
  7974 | D:7      | Found a hazy altar of Hepliaklqana.
  8089 | D:7      | Reached skill level 8 in Spellcasting
  8103 | D:7      | Found a bloodstained altar of Trog.
  8109 | D:7      | Found a hazy altar of Hepliaklqana.
  8453 | D:8      | Reached skill level 1 in Necromancy
  8649 | D:8      | Noticed Joseph
  8655 | D:8      | Killed Joseph
  8655 | D:8      | Offered knowledge of Sandblast by Vehumet.
  8656 | D:8      | Reached XP level 9. HP: 45/45 MP: 23/23
  8778 | D:8      | Reached skill level 9 in Spellcasting
  8824 | D:8      | Reached ** piety under Vehumet
  9184 | D:8      | You fall into a shaft and drop 3 floors!
  9252 | D:11     | Reached skill level 10 in Spellcasting
  9355 | D:11     | Noticed a boulder beetle
  9635 | D:12     | Noticed a deep elf pyromancer
  9697 | D:11     | Noticed a cyclops
  9714 | D:11     | Killed a cyclops
  9869 | D:10     | Entered Level 10 of the Dungeon
  9926 | D:10     | Upgraded the game from 0.27-a0-291-gd9602db6ee to
                  | 0.27-a0-333-gfa571bf19a
  9973 | D:10     | Noticed Erica
  9979 | D:10     | Killed Erica
  9980 | D:10     | Reached skill level 11 in Spellcasting
  9980 | D:10     | Reached skill level 5 in Necromancy
  9980 | D:10     | Reached XP level 10. HP: 17/50 MP: 27/27
 10295 | D:10     | Reached skill level 10 in Conjurations
 10468 | D:10     | Offered knowledge of Conjure Flame by Vehumet.
 10529 | D:10     | Reached skill level 12 in Spellcasting
 10558 | D:10     | Killed an unseen horror
 10769 | D:10     | Found a staircase to the Lair.
 10811 | D:10     | Found Eminuk's Antique Armour Shoppe.
 10823 | D:10     | Noticed an orange crystal statue
 10845 | D:10     | Killed an orange crystal statue
 10928 | D:10     | Found a staircase to the Orcish Mines.
 11334 | D:10     | Reached skill level 13 in Spellcasting
 11555 | D:9      | Got a heavily runed leather armour
 11556 | D:9      | Identified the +1 leather armour "Wudaffet" {rN++} (You
                  | found it on level 9 of the Dungeon)
 11620 | D:9      | Reached *** piety under Vehumet
 12560 | Lair:1   | Entered Level 1 of the Lair of Beasts
 12561 | Lair:1   | Noticed a cane toad
 12568 | Lair:1   | Noticed a cane toad
 12572 | Lair:1   | Reached XP level 11. HP: 24/54 MP: 24/30
 12577 | Lair:1   | Slain by a cane toad

Illustrated notes

Levels and vault maps discovered:
D:1:      dpeg_arrival_windows_large_door, layout_basic
D:2:      layout_rooms
D:3:      layout_loops_corners, lemuel_round_altar, kennysheep_slug_shrine
D:4:      layout_loops_ring, minmay_temple_entry_fiery,
          hangedman_abyss_or_decor_stabs, skrybe_limestone_x
D:5:      layout_basic, kennysheep_little_box, serial_rivers,
          chequers_serial_rivers_micro_a, chequers_serial_rivers_micro_b,
          chequers_serial_rivers_large_a, chequers_serial_rivers_micro_a,
          chequers_serial_rivers_small_a, chequers_serial_rivers_micro_c,
          uniq_pikel, uniq_blork_the_orc
D:6:      layout_basic, okawaru_gym_becter, uniq_edmund
D:7:      layout_cave_pools, amethyst_overflow_temple_binary, basic_altar
D:8:      lemuel_upstairs_altar, layout_loops_ring, uniq_joseph
D:9:      layout_basic
D:10:     layout_roguey, grunt_lair_entry_orc_guard_hut,
          minmay_orc_entry_guard_dogs, serial_shops, nicolae_shop_stone,
          minmay_statue_bubble, uniq_erica
D:11:     layout_grid_maze, basic_altar, chequers_serial_rivers_micro_d
D:12:     layout_loops_ring, serial_shops, shop_coins, uniq_kirke,
          uniq_josephine
Temple:   compressed_dpeg_circular_temple
Lair:1:   layout_loops_ring, basic_altar

Skill      XL: |  1  2  3  4  5  6  7  8  9 10 11 |
---------------+----------------------------------+-----
Conjurations   | 5 6 7 8 9 11 | 11.2
Spellcasting   | 4 6 8 11 13 | 13.4
Shields        | 1 2 3 4 |  4.0
Stealth        | 3 4 5 6 |  6.7
Dodging        | 3 4 |  4.1
Necromancy     | 2 5 6 7 |  7.0
Fighting       | |  0.1
Short Blades   | |  0.3

Action                   |  1- 3 |  4- 6 |  7- 9 | 10-12 || total
-------------------------+-------+-------+-------+-------++-------
Melee: Dagger            |     5 |    29 |     5 |    14 ||    53
       Short sword       |     7 |       |       |       ||     7
 Cast: Magic Dart        |    59 |     6 |    59 |    46 ||   170
       Searing Ray       |     8 |    22 |    66 |    52 ||   148
       Fulminant Prism   |       |       |    18 |    10 ||    28
       Dazzling Flash    |       |       |       |     2 ||     2
       Animate Dead      |       |       |       |     2 ||     2
Evoke: Wand              |       |       |     1 |       ||     1
  Use: Scroll            |     1 |     6 |     6 |     2 ||    15
       Potion            |       |     3 |     5 |     2 ||    10
 Stab: Sleeping          |       |     2 |     2 |       ||     4
Armor: Robe              |     2 |     1 |     2 |       ||     5
       Steam dragon scal |       |       |     1 |    17 ||    18
Dodge: Dodged            |    14 |    21 |    25 |    32 ||    92
Block: Buckler           |     2 |     8 |    11 |    31 ||    52
       Reflection        |       |       |     2 |       ||     2

Table legend: (Time is in decaauts)
 A = Elapsed time spent in this place.
 B = Non-inter-level travel time spent in this place.
 C = Inter-level travel time spent in this place.
 D = Time resting spent in this place.
 E = Time spent auto-exploring this place.
 F = Levels seen in this place.
 G = Mean time per level.
                   A        B        C        D        E       F      G
               +--------+--------+--------+--------+--------+-----+--------+
         Total |  12617 |  12016 |    601 |   3702 |   4942 |  14 |  901.2 |
       Dungeon |  12582 |  11981 |    601 |   3702 |   4941 |  12 | 1048.5 |
        Temple |     18 |     18 |      0 |      0 |      1 |   1 |   18.0 |
          Lair |     16 |     16 |      0 |      0 |      0 |   1 |   16.0 |
               +--------+--------+--------+--------+--------+-----+--------+

Top non-repeatable levels by time:
     D:5: 1668 daAuts
    D:10: 1660 daAuts
     D:3: 1604 daAuts
     D:1: 1318 daAuts
     D:4: 999 daAuts
     D:9: 999 daAuts
     D:2: 971 daAuts
     D:6: 967 daAuts
     D:7: 894 daAuts
     D:8: 812 daAuts
    D:11: 414 daAuts
    D:12: 270 daAuts
  Temple: 18 daAuts
  Lair:1: 16 daAuts
